 Dungeon Crawl Stone Soup version 0.21.1-1-g345015fe64 (webtiles) character file.

56 OlSheep the Insei (level 3, 0/25 HPs)
             Began as a Vine Stalker Transmuter on July 7, 2018.
             Succumbed to an adder's poison
             ... on level 2 of the Dungeon.
             The game lasted 00:06:07 (2463 turns).

OlSheep the Insei (Vine Stalker Transmuter)         Turns: 2463, Time: 00:06:08

Health: 0/25       AC: 21    Str: 13    XL:     3   Next: 97%
Magic:  7/7        EV:  2    Int: 13    God:
Gold:   109        SH:  0    Dex: 19    Spells: 5/6 levels left

rFire    . . .     SeeInvis .     - Unarmed
rCold    . . .     Gourm    .   (no shield)
rNeg     + + +     Faith    .   (armour currently unavailable)
rPois    +         Spirit   +   (helmet currently unavailable)
rElec    .         Reflect  .   (cloak currently unavailable)
rCorr    .         Harm     .   (gloves currently unavailable)
MR       .....     NoTele   +   (boots currently unavailable)
Stlth    +++.......             (no amulet)
HPRegen  0.08/turn              (no ring)
MPRegen  0.10/turn              (no ring)

@: agile, lethally poisoned (0 -> -2), tree-form
A: magic shield, no potion heal 3, rot immunity
a: no special abilities


You were on level 2 of the Dungeon.
You were very hungry.
You were a tree.
You visited 1 branch of the dungeon, and saw 2 of its levels.

You collected 109 gold pieces.

Inventory:

Missiles
 a - 12 arrows
Armour
 k - a +0 leather armour (melded)
Scrolls
 b - a scroll of identify {unknown}
 e - a scroll of immolation {unknown}
 f - a scroll of fog {unknown}
 h - 2 scrolls of teleportation {unknown}
 i - a scroll of remove curse {unknown}
Books
 c - a book of Changes

   Spells                             Type                      Level
   a - Beastly Appendage              Transmutation                1
   b - Sticks to Snakes               Transmutation                2
   c - Spider Form                    Transmutation/Poison         3
   d - Ice Form                       Ice/Transmutation            4
   e - Blade Hands                    Transmutation                5
Comestibles
 d - 7 rations


   Skills:
 + Level 0.9 Fighting
 * Level 1.2 Armour
 + Level 1.8 Dodging
 + Level 3.6 Unarmed Combat
 + Level 2.3 Spellcasting
 * Level 2.6 Transmutations


You had 5 spell levels left.
You knew the following spells:

 Your Spells              Type           Power        Failure   Level  Hunger
a - Beastly Appendage     Tmut           #.....       9%          1    #......


Dungeon Overview and Level Annotations

Branches:
Dungeon (2/15)

Altars:


Innate Abilities, Weirdness & Mutations

((You have extremely sharp teeth.))
When hurt, damage is shared between your health and your magic reserves.
((Your bite disrupts and absorbs the magic of your enemies.))
Potions cannot restore your health.
You are immune to rotting.


Message History

You feel agile all of a sudden.
* * * LOW HITPOINT WARNING * * *
You feel sick.
It was a potion of lignification.
Your talons disappear.
You turn into a tree.
Your +0 leather armour melds into your body.
Your roots penetrate the ground.
You cannot move.
Unknown command.
There is a lethal amount of poison in your body!
* * * LOW HITPOINT WARNING * * *
You feel sick.
* * * LOW HITPOINT WARNING * * *
You feel sick.
* * * LOW HITPOINT WARNING * * *
You feel sick.
* * * LOW HITPOINT WARNING * * *
You feel sick.
You die...

#.######
#.....##.).....#
#.#
#####.......#
#.#
#...........#
#.#
#...........#
#.##
#...........#
#...
#######.#+###
#)..
##########.#
....
...........#.#
#...
.....(†♣.....#
#...
.............#
....
.............#
#.##
............## #
# ............#
#...........# #
#...........#
#.#####
#...........#
.......


There were no monsters in sight!

Vanquished Creatures
  An adder (D:2)
  An ooze (D:1)
  A worm (D:2)
  A leopard gecko (D:1)
  2 ball pythons
  3 giant cockroaches
  4 hobgoblins
  4 bats
  2 frilled lizards (D:1)
  9 goblins
  8 kobolds
  4 rats
40 creatures vanquished.

Notes
Turn   | Place    | Note
-------+----------+-------------------------------------------
     0 | D:1      | OlSheep the Vine Stalker Transmuter began the quest for the Orb.
     0 | D:1      | Reached XP level 1. HP: 9/9 MP: 4/4
   141 | D:1      | Reached XP level 2. HP: 3/14 MP: 1/6
  1343 | D:1      | Reached XP level 3. HP: 17/17 MP: 7/7
  1361 | D:1      | Reached skill level 1 in Armour
  2459 | D:2      | HP: 1/25 [poisoned by an adder]
  2463 | D:2      | Succumbed to an adder's poison

Skill      XL: |  1  2  3 |
---------------+----------+-----
Armour         | 1 |  1.2
Fighting       | |  0.9
Dodging        | |  1.8
Unarmed Combat | |  3.6
Spellcasting   | |  2.3
Transmutations | |  2.6

Action                   || total
-------------------------++-------
Melee: Unarmed           ||   121
       Kick              ||    17
       Bite              ||    28
       Headbutt          ||     7
       Punch             ||     2
 Cast: Beastly Appendage ||    24
  Use: Potion            ||     2
  Eat: Chunk             ||     4
Armor: Robe              ||    17
       Leather armour    ||     5
Dodge: Dodged            ||    80
